 Dungeon Crawl Stone Soup version 0.28.0-53-g5a82cb258f (webtiles) character file.

Game seed: 13255575310248385610

1181 SanguineChosen the Chopper (level 8, 0/70 HPs)
             Began as a Minotaur Berserker on July 31, 2022.
             Was a Priest of Trog.
             Slain by a steam dragon (7 damage)
             ... on level 5 of the Dungeon.
             The game lasted 00:20:42 (6660 turns).

SanguineChosen the Chopper (Minotaur Berserker)     Turns: 6660, Time: 00:20:42

Health: 0/70       AC: 12    Str: 25    XL:     8   Next: 19%
Magic:  7/7        EV:  4    Int:  4    God:    Trog [***...]
Gold:   246        SH: 14    Dex:  9    Spells: 7/7 levels left

rFire   . . .      SeeInvis .   a - +0 hand axe
rCold   . . .      Faith    .   n - +2 tower shield
rNeg    + . .      Spirit   .   s - +0 plate armour
rPois   .          Reflect  .   (helmet restricted)
rElec   .          Harm     .   (no cloak)
rCorr   +          Rampage  .   (no gloves)
Will    .....                   (no boots)
Stlth   ..........              j - amulet of the acrobat
HPRegen 0.21/turn               d - ring of positive energy
MPRegen 0.10/turn               m - ring of resist corrosion

@: no status effects
A: horns 2, retaliatory headbutt
a: Renounce Religion, Berserk, Trog's Hand


You were on level 5 of the Dungeon.
You worshipped Trog.
Trog was most pleased with you.
You visited 1 branch of the dungeon, and saw 6 of its levels.

You collected 246 gold pieces.

Inventory:

Hand Weapons
 a - a +0 hand axe (weapon)
 c - the +1 dagger "Kelonuo" {venom, *Corrode Str+10 Int+2 Dex+4}
   (You found it on level 4 of the Dungeon)

   It poisons the flesh of those it strikes.
   Str:       It affects your strength (+10).
   Int:       It affects your intelligence (+2).
   Dex:       It affects your dexterity (+4).
   *Corrode:  It may corrode you when you take damage.
 f - a +1 flail of draining
Missiles
 e - 11 poisoned darts (quivered)
Armour
 n - a +2 tower shield (worn)
 s - a +0 plate armour (worn)
Jewellery
 b - an amulet of magic regeneration
 d - a ring of positive energy (left hand)
 j - an amulet of the acrobat (around neck)
 m - a ring of resist corrosion (right hand)
Scrolls
 g - a scroll of magic mapping
 i - a scroll of identify
 k - 2 scrolls of immolation {unknown}
Potions
 o - a potion of heal wounds {unknown}
 p - a potion of invisibility {unknown}
 q - a potion of curing {unknown}


   Skills:
 + Level 6.0 Fighting
 + Level 7.9 Axes
 - Level 0.8 Throwing
 + Level 6.4 Armour
 + Level 3.0 Dodging
 - Level 0.2 Stealth
 + Level 4.2 Shields


You had 7 spell levels left.
You didn't know any spells.
Your spell library was empty.

Dungeon Overview and Level Annotations

Branches:
Dungeon (6/15)             Temple (0/1) D:5

Altars:
Nemelex Xobeh
Sif Muna
Vehumet
Xom

Shops:
D:5 [


Innate Abilities, Weirdness & Mutations

You have a pair of horns on your head.
You reflexively headbutt those who attack you in melee.


Message History

a +0 flail; an adder skeleton; an orc skeleton You can't go down here!
You swap places.
There is a stone staircase leading down here.
You climb downwards.
Your summoned allies are left behind.
There is a stone staircase leading up, spattered with blood here.
The steam dragon breathes steam at you. The ball of steam hits you.
* * * LOW HITPOINT WARNING * * *
You climb upwards.
Your centaur zombie dissolves into shadows!
Your orc dissolves into shadows!
Your ice beast dissolves into shadows!
Your bullfrog skeleton dissolves into shadows!
There is a stone staircase leading down here.
Read: scroll of fear
Press: ? - help, Q - select action, (/) - cycle Dir - look around, f - activate Look: a steam dragon (catching its breath, chance to affect: 97%)
As you read the scroll of fear, it crumbles to dust.
You assume a fearsome visage.
The steam dragon looks frightened!
Things that are here:
a +0 robe; a +0 dagger; an orc skeleton You start resting.
A steam dragon is nearby!
You hit the steam dragon but do no damage.
You block the steam dragon's attack. The steam dragon barely misses you.
The steam dragon bites you but does no damage.
The steam dragon claws you but does no damage.
You closely miss the steam dragon. Your headbutt misses the steam dragon.
You block the steam dragon's attack.
The steam dragon claws you but does no damage.
You slash the steam dragon!
The steam dragon is moderately wounded.
The steam dragon breathes steam at you. The ball of steam hits you.
* * * LOW HITPOINT WARNING * * *
You hit the steam dragon.
The steam dragon is heavily wounded.
The steam dragon bites you!
You die...

####### ### #.....# ##.##
###########.###.####.[.##
#####.....§§.@D§# #....[)...#
##........§§..§.§###.####>..##
###.(...##.#######§..!.# ##)##
.........##.# #.##### #.#
.#..)...<##.### #.# #.#
.#.......##.#.## #.# #.#
.##.....##.....###.# #.#
..##............##.#########.###
.#####..[#.......#.............#


You could see a steam dragon (catching breath).

Vanquished Creatures
  Sigmund (D:3)
  Eustachio (D:4)
  A water moccasin (D:5)
  2 ice beasts (D:5)
  An ogre (D:4)
  An orc priest (D:4)
  A gnoll shaman (D:4)
  2 jellies
  A centaur skeleton (D:5)
  A bullfrog skeleton (D:5)
  Terence (D:3)
  An iguana (D:5)
  An orc wizard (D:5)
  A hound skeleton (D:4)
  Robin (D:4)
  8 adders
  5 gnolls (D:4)
  A howler monkey skeleton (D:5)
  3 dart slugs
  6 orcs
  6 endoplasms
  3 giant cockroaches
  15 goblins
  7 hobgoblins
  A quokka (D:1)
  5 ball pythons
  3 bats
  5 frilled lizards
  7 kobolds
  3 rats
95 creatures vanquished.

Vanquished Creatures (collateral kills)
  An orc wizard (D:5)
1 creature vanquished.

Vanquished Creatures (others)
  An orc (D:6)
1 creature vanquished.

Grand Total: 97 creatures vanquished

Notes
Turn   | Place    | Note
-------+----------+-------------------------------------------
     0 | D:1      | SanguineChosen the Minotaur Berserker began the quest for
                  | the Orb.
     0 | D:1      | Reached XP level 1. HP: 19/19 MP: 0/0
   543 | D:1      | Reached skill level 4 in Axes
   543 | D:1      | Reached XP level 2. HP: 27/27 MP: 1/1
   740 | D:1      | Found a faded altar of an unknown god.
  1038 | D:2      | Reached XP level 3. HP: 18/33 MP: 2/2
  1568 | D:2      | Reached XP level 4. HP: 34/41 MP: 3/3
  1973 | D:2      | Reached ** piety under Trog
  1974 | D:2      | Reached skill level 5 in Axes
  2403 | D:3      | Noticed Terence
  2420 | D:3      | Killed Terence
  2421 | D:3      | Reached XP level 5. HP: 31/47 MP: 4/4
  2832 | D:3      | Noticed Sigmund
  2872 | D:4      | Noticed Eustachio
  2897 | D:3      | Killed Sigmund
  2898 | D:3      | Reached skill level 6 in Axes
  2898 | D:3      | Reached XP level 6. HP: 10/55 MP: 5/5
  3861 | D:4      | Killed Eustachio
  3862 | D:4      | Reached skill level 5 in Fighting
  3862 | D:4      | Reached skill level 5 in Armour
  4127 | D:4      | Reached XP level 7. HP: 22/61 MP: 6/6
  4422 | D:4      | Identified the +1 dagger "Kelonuo" {venom, *Corrode Str+10
                  | Int+2 Dex+4}
  4536 | D:4      | Found a radiant altar of Vehumet.
  4536 | D:4      | Found a shimmering blue altar of Sif Muna.
  4539 | D:4      | Found a shimmering altar of Xom.
  4609 | D:4      | Found a sparkling altar of Nemelex Xobeh.
  4714 | D:4      | Noticed Robin
  4735 | D:4      | Killed Robin
  4738 | D:4      | Reached skill level 7 in Axes
  5231 | D:5      | Entered Level 5 of the Dungeon
  5271 | D:4      | Reached *** piety under Trog
  5272 | D:4      | Reached skill level 1 in Shields
  5917 | D:5      | Found Obiuguh's Armour Shop.
  6104 | D:5      | Found a staircase to the Ecumenical Temple.
  6290 | D:6      | Noticed a steam dragon
  6398 | D:5      | Reached XP level 8. HP: 42/70 MP: 7/7
  6660 | D:5      | Slain by a steam dragon

Illustrated notes

Levels and vault maps discovered:
D:1:      nicolae_arrival_somewhat_less_tricky_arrival, layout_loops_corners,
          chequers_ecumenical_altar_simple
D:2:      layout_basic, minmay_pentomino_w4
D:3:      layout_loops_corners, uniq_sigmund, uniq_terence
D:4:      layout_cave_pods, chequers_temple_overflow_statue_of_worship,
          mainiacjoe_overflow_concentric_impassable, lemuel_old_faithful,
          uniq_robin, uniq_eustachio
D:5:      layout_loops_ring, minmay_temple_entry_nine_rooms, serial_shops, shop,
          st_stairs_12
D:6:      cheibrodos_iron_armory, layout_cave_pools,
          lemuel_zombie_altar_kikubaaqudgha, ebering_ghost_sewer_d,
          minmay_between, uniq_edmund, uniq_blork_the_orc

Skill      XL: |  1  2  3  4  5  6  7  8 |
---------------+-------------------------+-----
Axes           | 4 5 6 7 |  7.9
Fighting       | 4 5 6 |  6.0
Armour         | 3 4 5 6 |  6.4
Shields        | 3 4 |  4.2
Dodging        | 3 |  3.0
Throwing       | |  0.8
Stealth        | |  0.2

Action                   |  1- 3 |  4- 6 |  7- 9 || total
-------------------------+-------+-------+-------++-------
Melee: Hand axe          |    55 |   106 |   170 ||   331
       Headbutt          |     8 |    13 |    25 ||    46
       Punch             |       |     2 |       ||     2
Throw: Dart              |       |     6 |       ||     6
  Use: Potion            |       |     4 |       ||     4
       Scroll            |       |     5 |     6 ||    11
Armor: Chain mail        |    22 |    35 |    27 ||    84
       Skin              |       |     8 |       ||     8
       Plate armour      |       |       |   105 ||   105
Dodge: Dodged            |    18 |    38 |    32 ||    88
Block: Tower shield      |       |       |   105 ||   105
